Stars vs Ducks

Created - 3 avril 2022 at 16:44

Goals
1 2 3 T
Stars 1 1 0 2
Ducks 2 1 0 3
Shots
1 2 3 T
Stars 12 3 4 19
Ducks 12 11 9 32

GoalsPenalties
1st period
1. Stars , Ron Hainsey 4 (Andrei Svechnikov 39, Jordan Greenway 22) at 10:29 (PP)
2. Ducks , Ondrej Palat 19 (Evgeni Malkin 42) at 13:51
3. Ducks , Mikhail Sergachev 8 (Travis Konecny 25, Jean-Gabriel Pageau 38) at 19:17 (PP)
Mikhail Sergachev (ANA) for Interference (Minor) at 2:05
Mikhail Sergachev (ANA) for Roughing (Minor) at 8:43
Thomas Chabot (ANA) for Hooking (Minor) at 14:00
Ryan Suter (DAL) for Tripping (Minor) at 17:29
2nd period
4. Ducks , John Marino 8 (Lars Eller 9, Carl Gunnarsson 7) at 7:35
5. Stars , Elias Pettersson 26 (Brogan Rafferty 3, Ville Heinola 2) at 15:36
Jean-Gabriel Pageau (ANA) for Hooking (Minor) at 0:45
Brogan Rafferty (DAL) for Hooking (Minor) at 10:10
3rd period
No Goal
Carl Gunnarsson (ANA) for Holding (Minor) at 13:32
Tucker Poolman (DAL) for Tripping (Minor) at 19:26
Goalie Stats
Jake Oettinger (DAL), 29 saves from 32 shots - (0,906), L, 17-17-2, 60:00 minutes
Tristan Jarry (ANA), 17 saves from 19 shots - (0,895), W, 33-33-5, 60:00 minutes
3 StarsOfficial
1 - John Marino (ANA)
2 - Ondrej Palat (ANA)
3 - Travis Konecny (ANA)
Referees : Francis Charron and Kelly Sutherland
Linesman : Shandor Alphonso and Tony Sericolo
Game Note
Deryk Engelland is injured at 19:13 of 1st period (Bruised Right Arm)



Team Name Goals Shots Shots Attemp Shots Blocked PIM HIT PP PK FO%
Stars 2195546211 / 5 (20%)145%
Ducks 33247910281 / 3 (33%)155%

Stars
Player Name POS G A P +/- PIM HIT SHT SB MP PP MP PP SHT PK MP PK SHT FO% FOT
Andreas AthanasiouC000-1012010:460:0000:00045% 11
Andrei SvechnikovLW/RW0110052020:344:3512:1800% 1
Brogan RaffertyD0111211018:182:3500:2400% 0
Cody GlassC0000010013:030:0000:00050% 2
Deryk EngellandD000001017:223:2900:2800% 0
Dominik SimonC/LW/RW000001009:200:0000:00050% 2
Dylan LarkinC0000011018:105:0700:00052% 21
Elias PetterssonC1010003020:344:3522:18040% 30
Frans NielsenC0000011013:355:0700:0000% 0
Jason RobertsonLW000-1000017:555:0702:02050% 4
Jordan GreenwayLW/RW0110032021:394:3522:1200% 0
Martin NecasC/RW0000002013:410:0000:0000% 1
Mikko KoivuC000000208:280:0000:00045% 11
Ron HainseyD101-2012027:053:3812:3500% 0
Ryan SuterD0000221124:544:1011:0500% 0
Tucker PoolmanD000-2200116:150:0000:5100% 0
Ville HeinolaD0111030023:125:3203:0700% 0
Warren FoegeleLW/RW000-1000110:460:0000:0000% 0
Ducks
Player Name POS G A P +/- PIM HIT SHT SB MP PP MP PP SHT PK MP PK SHT FO% FOT
Carl GunnarssonD0111210315:520:0002:4500% 0
Connor MurphyD0000000122:002:4004:2200% 0
Cooper MarodyC000000000:560:0000:030100% 1
Damon SeversonD0000002021:542:4024:1600% 0
Evgeni MalkinC0111006024:001:5114:03063% 27
Gemel SmithC000000001:330:0000:0000% 0
Jean-Gabriel PageauC0110213120:352:2904:35054% 28
Joel Eriksson EkC/LW/RW0000033021:111:5105:39050% 2
John MarinoD1011031013:260:0000:1800% 0
Kristian ReichelRW0000002113:270:0000:0000% 0
Lars EllerC0110002014:280:0001:01056% 18
Liam O'BrienLW0000050113:270:0000:0000% 1
Mikhail SergachevD1010452023:011:4023:3100% 0
Ondrej PalatLW1011013016:002:2900:0000% 0
Roope HintzC/LW0000027123:211:5114:0300% 0
Sean KuralyC000001005:190:0000:00050% 4
Thomas ChabotD0000220123:431:4004:1200% 0
Travis KonecnyRW0111041016:002:2900:0000% 2

Stars

5 vs 5 Forward
Line #Left WingCenterRight WingPHYDFOFWanted %Time %Time Play
1Andrei SvechnikovElias PetterssonMartin Necas0053030%13:41
2Jordan GreenwayDylan LarkinCody Glass0053028%13:03
3Jason RobertsonAndreas AthanasiouWarren Foegele1222423%10:46
4Dominik SimonMikko KoivuFrans Nielsen1401618%8:28
5 vs 5 Defense
Line #DefenseDefensePHYDFOFWanted %Time %Time Play
1Ville HeinolaRyan Suter1223020%9:23
2Brogan RaffertyDeryk Engelland1223032%14:34
3Ron HainseyTucker Poolman1222424%11:14
4Deryk EngellandRyan Suter1221623%10:47
Power Play Forward
Line #Left WingCenterRight WingPHYDFOFWanted %Time %Time Play
1Andrei SvechnikovElias PetterssonJordan Greenway1225047%4:35
2Jason RobertsonDylan LarkinFrans Nielsen1225053%5:07
Power Play Defense
Line #DefenseDefensePHYDFOFWanted %Time %Time Play
1Ron HainseyRyan Suter1225043%4:09
2Ville HeinolaDeryk Engelland1225057%5:33
Penalty Kill 4 Players Forward
Line #CenterWingPHYDFOFWanted %Time %Time Play
1Elias PetterssonAndrei Svechnikov1225053%2:18
2Jason RobertsonJordan Greenway1225047%2:02
Penalty Kill 4 Players Defense
Line #DefenseDefensePHYDFOFWanted %Time %Time Play
1Ron HainseyRyan Suter1225038%1:40
2Ville HeinolaDeryk Engelland1225062%2:40
Penalty Kill 3 Players
Line #WingPHYDFOFWanted %Time %Time PlayDefenseDefensePHYDFOFWanted %Time %Time Play
1Elias Pettersson122500%0:00 Ron HainseyRyan Suter122500%0:00
2Andrei Svechnikov122500%0:00 Ville HeinolaDeryk Engelland122500%0:00
4 vs 4 Forward
Line #CenterWingPHYDFOFWanted %Time %Time Play
1Elias PetterssonAndrei Svechnikov122500%0:00
2Jason RobertsonJordan Greenway122500%0:00
4 vs 4 Defense
Line #DefensePHYDFOFWanted %Time %Time Play
1Ron HainseyRyan Suter122500%0:00
2Tucker PoolmanDeryk Engelland122500%0:00
Last Minutes Offensive
Left WingCenterRight WingDefenseDefense
Andrei SvechnikovElias PetterssonMartin NecasVille HeinolaRyan Suter
Last Minutes Defensive
Left WingCenterRight WingDefenseDefense
Andrei SvechnikovElias PetterssonMartin NecasVille HeinolaRyan Suter
Time
Total ForwardTotal DefenseLast Minutes OffensiveLast Minutes Defensive
60:00 60:00 0:000:00
Extra Forwards
Normal PowerPlayPenalty Kill
Andrei Svechnikov, Frans Nielsen, Jason RobertsonElias Pettersson, Frans NielsenJason Robertson
Extra Defensemen
Normal PowerPlayPenalty Kill
Ron Hainsey, Ryan Suter, Deryk EngellandRon Hainsey, Ryan SuterRon Hainsey
Penalty Shots
Elias Pettersson, Andrei Svechnikov, Jason Robertson, Jordan Greenway, Frans Nielsen
Goalie
Jake Oettinger, Martin Jones
Custom OT Lines Forwards
Elias Pettersson, Andrei Svechnikov, Martin Necas, Jordan Greenway, Warren Foegele, Jason Robertson, Andreas Athanasiou, Dylan Larkin, Mikko Koivu, Frans Nielsen
Custom OT Lines Defensemen
Ville Heinola, Ryan Suter, Brogan Rafferty, Deryk Engelland, Ron Hainsey
Scratches
Travis Hamonic (Healthy), Dylan Cozens (Healthy), Scott Harrington (Left Knee Injury)

Ducks

5 vs 5 Forward
Line #Left WingCenterRight WingPHYDFOFWanted %Time %Time Play
1Roope HintzJean-Gabriel PageauJoel Eriksson Ek1223030%13:32
2Ondrej PalatEvgeni MalkinTravis Konecny0143030%13:31
3Liam O'BrienLars EllerKristian Reichel1222129%13:27
4Evgeni MalkinSean KuralyRoope Hintz1221912%5:19
5 vs 5 Defense
Line #DefenseDefensePHYDFOFWanted %Time %Time Play
1Mikhail SergachevThomas Chabot1223027%12:10
2Connor MurphyDamon Severson1223033%14:58
3John MarinoCarl Gunnarsson1222429%13:08
4Mikhail SergachevThomas Chabot1221612%5:33
Power Play Forward
Line #Left WingCenterRight WingPHYDFOFWanted %Time %Time Play
1Roope HintzEvgeni MalkinJoel Eriksson Ek1045043%1:51
2Ondrej PalatJean-Gabriel PageauTravis Konecny1135057%2:29
Power Play Defense
Line #DefenseDefensePHYDFOFWanted %Time %Time Play
1Mikhail SergachevThomas Chabot1225038%1:40
2Connor MurphyDamon Severson1225062%2:40
Penalty Kill 4 Players Forward
Line #CenterWingPHYDFOFWanted %Time %Time Play
1Evgeni MalkinRoope Hintz1225042%4:03
2Jean-Gabriel PageauJoel Eriksson Ek1225058%5:39
Penalty Kill 4 Players Defense
Line #DefenseDefensePHYDFOFWanted %Time %Time Play
1Mikhail SergachevThomas Chabot1225056%5:26
2Connor MurphyDamon Severson1225044%4:16
Penalty Kill 3 Players
Line #WingPHYDFOFWanted %Time %Time PlayDefenseDefensePHYDFOFWanted %Time %Time Play
1Lars Eller122500%0:00 Mikhail SergachevThomas Chabot122500%0:00
2Sean Kuraly122500%0:00 Connor MurphyDamon Severson122500%0:00
4 vs 4 Forward
Line #CenterWingPHYDFOFWanted %Time %Time Play
1Lars EllerRoope Hintz122500%0:00
2Sean KuralyJoel Eriksson Ek122500%0:00
4 vs 4 Defense
Line #DefensePHYDFOFWanted %Time %Time Play
1Mikhail SergachevThomas Chabot122500%0:00
2Connor MurphyDamon Severson122500%0:00
Last Minutes Offensive
Left WingCenterRight WingDefenseDefense
Roope HintzEvgeni MalkinJoel Eriksson EkMikhail SergachevThomas Chabot
Last Minutes Defensive
Left WingCenterRight WingDefenseDefense
Roope HintzEvgeni MalkinJoel Eriksson EkMikhail SergachevThomas Chabot
Time
Total ForwardTotal DefenseLast Minutes OffensiveLast Minutes Defensive
60:00 60:00 0:000:09
Extra Forwards
Normal PowerPlayPenalty Kill
Gemel Smith, Cooper Marody, Lars EllerGemel Smith, Cooper MarodyLars Eller
Extra Defensemen
Normal PowerPlayPenalty Kill
John Marino, Carl Gunnarsson, Connor MurphyJohn Marino, Carl GunnarssonConnor Murphy
Penalty Shots
Evgeni Malkin, Roope Hintz, Jean-Gabriel Pageau, Joel Eriksson Ek, Ondrej Palat
Goalie
Tristan Jarry, David Rittich
Custom OT Lines Forwards
Evgeni Malkin, Roope Hintz, Jean-Gabriel Pageau, Joel Eriksson Ek, Ondrej Palat, Lars Eller, Travis Konecny, Sean Kuraly, Gemel Smith, Liam O'Brien
Custom OT Lines Defensemen
Mikhail Sergachev, Thomas Chabot, Connor Murphy, Damon Severson, John Marino
Scratches
Erik Haula (Left Leg Injury)


Play-by-Play

1st period


0:01 of 1st period - Jean-Gabriel Pageau wins face-off versus Elias Pettersson in neutral zone.
0:08 of 1st period - Shot by Roope Hintz.
0:08 of 1st period - Stopped by Jake Oettinger without a rebound.
0:09 of 1st period - Dylan Larkin wins face-off versus Evgeni Malkin in Stars zone.
0:09 of 1st period - Dylan Larkin is hit by Travis Konecny.
0:20 of 1st period - Jordan Greenway is hit by Ondrej Palat and loses puck.
0:48 of 1st period - Off-side.
0:49 of 1st period - Lars Eller wins face-off versus Andreas Athanasiou in neutral zone.
1:07 of 1st period - Shot by Lars Eller.
1:07 of 1st period - Shot Misses the Net.
1:23 of 1st period - Shot by Lars Eller.
1:23 of 1st period - Shot Misses the Net.
1:25 of 1st period - Shot by Lars Eller.
1:25 of 1st period - Stopped by Jake Oettinger without a rebound.
1:26 of 1st period - Jean-Gabriel Pageau wins face-off versus Elias Pettersson in Stars zone.
1:36 of 1st period - Roope Hintz is hit by Ryan Suter and loses puck.
2:05 of 1st period - Minor Penalty to Mikhail Sergachev for Interference.
2:06 of 1st period - Dylan Larkin wins face-off versus Evgeni Malkin in Ducks zone.
2:13 of 1st period - Shot by Dylan Larkin.
2:13 of 1st period - Deflect By Jason Robertson.
2:13 of 1st period - Shot Blocked by Roope Hintz.
2:44 of 1st period - Shot by Dylan Larkin.
2:44 of 1st period - Shot Misses the Net.
2:56 of 1st period - Shot by Elias Pettersson.
2:56 of 1st period - Shot Misses the Net.
2:58 of 1st period - Shot by Deryk Engelland.
2:58 of 1st period - Deflect By Elias Pettersson.
2:58 of 1st period - Stopped by Tristan Jarry without a rebound.
2:59 of 1st period - Elias Pettersson wins face-off versus Evgeni Malkin in Ducks zone.
3:00 of 1st period - Shot by Jordan Greenway.
3:00 of 1st period - Stopped by Tristan Jarry without a rebound.
3:01 of 1st period - Elias Pettersson wins face-off versus Evgeni Malkin in Ducks zone.
4:35 of 1st period - Tucker Poolman is hit by John Marino and loses puck.
4:43 of 1st period - Frans Nielsen is hit by Carl Gunnarsson and loses puck.
4:59 of 1st period - Shot by Andreas Athanasiou.
4:59 of 1st period - Stopped by Tristan Jarry without a rebound.
5:00 of 1st period - Dylan Larkin wins face-off versus Travis Konecny in Ducks zone.
5:33 of 1st period - Shot by Ondrej Palat.
5:33 of 1st period - Shot Misses the Net.
6:27 of 1st period - Shot by Martin Necas.
6:27 of 1st period - Stopped by Tristan Jarry with a rebound.
6:29 of 1st period - Shot by Elias Pettersson.
6:29 of 1st period - Deflect By Martin Necas.
6:29 of 1st period - Stopped by Tristan Jarry without a rebound.
6:30 of 1st period - Lars Eller wins face-off versus Andreas Athanasiou in Ducks zone.
7:40 of 1st period - Shot by Andrei Svechnikov.
7:40 of 1st period - Shot Misses the Net.
7:44 of 1st period - Shot by Brogan Rafferty.
7:44 of 1st period - Stopped by Tristan Jarry without a rebound.
7:45 of 1st period - Mikko Koivu wins face-off versus Jean-Gabriel Pageau in Ducks zone.
7:48 of 1st period - Shot by Mikko Koivu.
7:48 of 1st period - Stopped by Tristan Jarry without a rebound.
7:49 of 1st period - Jean-Gabriel Pageau wins face-off versus Dylan Larkin in Ducks zone.
7:49 of 1st period - Mikhail Sergachev is hit by Jordan Greenway and loses puck.
7:58 of 1st period - Shot by Roope Hintz.
7:58 of 1st period - Deflect By Jean-Gabriel Pageau.
7:58 of 1st period - Stopped by Jake Oettinger without a rebound.
7:59 of 1st period - Sean Kuraly wins face-off versus Elias Pettersson in Stars zone.
7:59 of 1st period - Sean Kuraly is hit by Deryk Engelland.
8:06 of 1st period - Icing by Ryan Suter.
8:07 of 1st period - Elias Pettersson wins face-off versus Sean Kuraly in Stars zone.
8:12 of 1st period - Roope Hintz is hit by Andrei Svechnikov and loses puck.
8:40 of 1st period - Elias Pettersson is hit by Thomas Chabot.
8:43 of 1st period - Minor Penalty to Mikhail Sergachev for Roughing.
8:44 of 1st period - Dylan Larkin wins face-off versus Jean-Gabriel Pageau in Ducks zone.
8:47 of 1st period - Shot by Ryan Suter.
8:47 of 1st period - Stopped by Tristan Jarry without a rebound.
8:48 of 1st period - Dylan Larkin wins face-off versus Jean-Gabriel Pageau in Ducks zone.
8:57 of 1st period - Shot by Frans Nielsen.
8:57 of 1st period - Shot Misses the Net.
10:27 of 1st period - Shot by Andrei Svechnikov.
10:27 of 1st period - Stopped by Tristan Jarry with a rebound.
10:29 of 1st period - Shot by Ron Hainsey.
10:29 of 1st period - Goal by Ron Hainsey - Stars : 1 - Ducks : 0.
10:30 of 1st period - Elias Pettersson wins face-off versus Lars Eller in neutral zone.
10:30 of 1st period - Tucker Poolman is hit by Liam O'Brien.
10:33 of 1st period - Andrei Svechnikov is hit by John Marino and loses puck.
10:44 of 1st period - Shot by Andrei Svechnikov.
10:44 of 1st period - Shot Blocked by Kristian Reichel.
10:46 of 1st period - Shot by Tucker Poolman.
10:46 of 1st period - Shot Blocked by Carl Gunnarsson.
11:50 of 1st period - Shot by Roope Hintz.
11:50 of 1st period - Shot Misses the Net.
11:58 of 1st period - Shot by Roope Hintz.
11:58 of 1st period - Stopped by Jake Oettinger without a rebound.
11:59 of 1st period - Andreas Athanasiou wins face-off versus Jean-Gabriel Pageau in Stars zone.
11:59 of 1st period - Jason Robertson is hit by Joel Eriksson Ek and loses puck.
13:17 of 1st period - Icing by Andreas Athanasiou.
13:18 of 1st period - Andreas Athanasiou wins face-off versus Lars Eller in Stars zone.
13:40 of 1st period - Icing by Ron Hainsey.
13:41 of 1st period - Andreas Athanasiou wins face-off versus Evgeni Malkin in Stars zone.
13:41 of 1st period - Andreas Athanasiou is hit by Travis Konecny.
13:49 of 1st period - Shot by Evgeni Malkin.
13:49 of 1st period - Stopped by Jake Oettinger with a rebound.
13:51 of 1st period - Shot by Ondrej Palat.
13:51 of 1st period - Goal by Ondrej Palat - Stars : 1 - Ducks : 1.
13:52 of 1st period - Dylan Larkin wins face-off versus Jean-Gabriel Pageau in neutral zone.
14:00 of 1st period - Minor Penalty to Thomas Chabot for Hooking.
14:01 of 1st period - Elias Pettersson wins face-off versus Evgeni Malkin in Ducks zone.
14:21 of 1st period - Shot by Elias Pettersson.
14:21 of 1st period - Stopped by Tristan Jarry without a rebound.
14:22 of 1st period - Evgeni Malkin wins face-off versus Andrei Svechnikov in Ducks zone.
15:06 of 1st period - Shot by Ryan Suter.
15:06 of 1st period - Shot Misses the Net.
15:22 of 1st period - Shot by Frans Nielsen.
15:22 of 1st period - Shot Blocked by Carl Gunnarsson.
15:50 of 1st period - Shot by Jordan Greenway.
15:50 of 1st period - Stopped by Tristan Jarry without a rebound.
15:51 of 1st period - Evgeni Malkin wins face-off versus Elias Pettersson in Ducks zone.
16:42 of 1st period - Icing by Mikhail Sergachev.
16:43 of 1st period - Lars Eller wins face-off versus Elias Pettersson in Ducks zone.
16:43 of 1st period - Lars Eller is hit by Andrei Svechnikov.
16:57 of 1st period - Shot by Evgeni Malkin.
16:57 of 1st period - Deflect By Travis Konecny.
16:57 of 1st period - Shot Hit the Post.
16:59 of 1st period - Shot by Evgeni Malkin.
16:59 of 1st period - Stopped by Jake Oettinger without a rebound.
17:00 of 1st period - Jean-Gabriel Pageau wins face-off versus Dylan Larkin in Stars zone.
17:00 of 1st period - Jean-Gabriel Pageau is hit by Ville Heinola.
17:16 of 1st period - Shot by Roope Hintz.
17:16 of 1st period - Stopped by Jake Oettinger without a rebound.
17:17 of 1st period - Evgeni Malkin wins face-off versus Elias Pettersson in Stars zone.
17:28 of 1st period - Shot by Travis Konecny.
17:28 of 1st period - Stopped by Jake Oettinger without a rebound.
17:29 of 1st period - Joel Eriksson Ek wins face-off versus Dylan Larkin in Stars zone.
17:29 of 1st period - Minor Penalty to Ryan Suter for Tripping.
17:30 of 1st period - Evgeni Malkin wins face-off versus Elias Pettersson in Stars zone.
17:38 of 1st period - Evgeni Malkin is hit by Ville Heinola and loses puck.
17:43 of 1st period - Shot by Damon Severson.
17:43 of 1st period - Shot Misses the Net.
17:47 of 1st period - Shot by Damon Severson.
17:47 of 1st period - Stopped by Jake Oettinger without a rebound.
17:48 of 1st period - Jean-Gabriel Pageau wins face-off versus Jason Robertson in Stars zone.
18:09 of 1st period - Shot by Mikhail Sergachev.
18:09 of 1st period - Shot Misses the Net.
18:53 of 1st period - Shot by Roope Hintz.
18:53 of 1st period - Stopped by Jake Oettinger without a rebound.
18:54 of 1st period - Evgeni Malkin wins face-off versus Elias Pettersson in Stars zone.
19:13 of 1st period - Shot by Damon Severson.
19:13 of 1st period - Shot Blocked by Deryk Engelland.
19:13 of 1st period - Deryk Engelland from Stars is injured at 19:13 of 1st period (Bruised Right Arm).
19:14 of 1st period - Jean-Gabriel Pageau wins face-off versus Elias Pettersson in Stars zone.
19:17 of 1st period - Shot by Mikhail Sergachev.
19:17 of 1st period - Goal by Mikhail Sergachev - Stars : 1 - Ducks : 2.
19:18 of 1st period - Lars Eller wins face-off versus Mikko Koivu in neutral zone.
19:18 of 1st period - John Marino is hit by Frans Nielsen and loses puck.
19:53 of 1st period - Icing by Mikko Koivu.
19:54 of 1st period - Mikko Koivu wins face-off versus Joel Eriksson Ek in Stars zone.
19:54 of 1st period - Mikko Koivu is hit by Jean-Gabriel Pageau.
Goals for this period are 1 for Stars vs 2 for Ducks.
Shots for this period are 12 for Stars vs 12 for Ducks.

2nd period


0:01 of 2nd period - Cody Glass wins face-off versus Jean-Gabriel Pageau in neutral zone.
0:04 of 2nd period - Jean-Gabriel Pageau is hit by Jordan Greenway and loses puck.
0:11 of 2nd period - Shot by Roope Hintz.
0:11 of 2nd period - Stopped by Jake Oettinger without a rebound.
0:12 of 2nd period - Evgeni Malkin wins face-off versus Martin Necas in Stars zone.
0:29 of 2nd period - Shot by Evgeni Malkin.
0:29 of 2nd period - Shot Misses the Net.
0:43 of 2nd period - Shot by Evgeni Malkin.
0:43 of 2nd period - Stopped by Jake Oettinger without a rebound.
0:44 of 2nd period - Dylan Larkin wins face-off versus Jean-Gabriel Pageau in Stars zone.
0:44 of 2nd period - Dylan Larkin is hit by Roope Hintz.
0:45 of 2nd period - Minor Penalty to Jean-Gabriel Pageau for Hooking.
0:46 of 2nd period - Dylan Larkin wins face-off versus Evgeni Malkin in Ducks zone.
0:47 of 2nd period - Shot by Ron Hainsey.
0:47 of 2nd period - Shot Misses the Net.
0:49 of 2nd period - Shot by Dylan Larkin.
0:49 of 2nd period - Shot Misses the Net.
0:51 of 2nd period - Shot by Frans Nielsen.
0:51 of 2nd period - Shot Blocked by Thomas Chabot.
0:57 of 2nd period - Shot by Dylan Larkin.
0:57 of 2nd period - Shot Misses the Net.
1:09 of 2nd period - Shot by Dylan Larkin.
1:09 of 2nd period - Shot Misses the Net.
1:56 of 2nd period - Roope Hintz is hit by Andrei Svechnikov and loses puck.
2:16 of 2nd period - Icing by Brogan Rafferty.
2:17 of 2nd period - Elias Pettersson wins face-off versus Lars Eller in Stars zone.
2:17 of 2nd period - Elias Pettersson is hit by Joel Eriksson Ek.
2:49 of 2nd period - Carl Gunnarsson is hit by Andreas Athanasiou and loses puck.
2:54 of 2nd period - Shot by Jason Robertson.
2:54 of 2nd period - Deflect By Andreas Athanasiou.
2:54 of 2nd period - Shot Misses the Net.
3:06 of 2nd period - Shot by Andreas Athanasiou.
3:06 of 2nd period - Shot Misses the Net.
3:21 of 2nd period - Icing by Andreas Athanasiou.
3:22 of 2nd period - Jean-Gabriel Pageau wins face-off versus Andreas Athanasiou in Stars zone.
3:39 of 2nd period - Andreas Athanasiou is hit by Thomas Chabot and loses puck.
3:56 of 2nd period - Shot by Mikko Koivu.
3:56 of 2nd period - Stopped by Tristan Jarry without a rebound.
3:57 of 2nd period - Lars Eller wins face-off versus Dylan Larkin in Ducks zone.
3:57 of 2nd period - Lars Eller is hit by Dylan Larkin.
4:19 of 2nd period - Shot by Lars Eller.
4:19 of 2nd period - Deflect By Kristian Reichel.
4:19 of 2nd period - Stopped by Jake Oettinger with a rebound.
4:27 of 2nd period - Shot by Dylan Larkin.
4:27 of 2nd period - Stopped by Tristan Jarry with a rebound.
4:29 of 2nd period - Shot by Brogan Rafferty.
4:29 of 2nd period - Shot Misses the Net.
4:31 of 2nd period - Shot by Cody Glass.
4:31 of 2nd period - Shot Misses the Net.
4:37 of 2nd period - Shot by Dylan Larkin.
4:37 of 2nd period - Shot Misses the Net.
5:15 of 2nd period - Icing by Elias Pettersson.
5:16 of 2nd period - Elias Pettersson wins face-off versus Jean-Gabriel Pageau in Stars zone.
5:22 of 2nd period - Off-side.
5:23 of 2nd period - Mikko Koivu wins face-off versus Evgeni Malkin in neutral zone.
6:55 of 2nd period - Shot by Roope Hintz.
6:55 of 2nd period - Stopped by Jake Oettinger without a rebound.
6:56 of 2nd period - Elias Pettersson wins face-off versus Lars Eller in Stars zone.
6:58 of 2nd period - Icing by Martin Necas.
6:59 of 2nd period - Elias Pettersson wins face-off versus Lars Eller in Stars zone.
6:59 of 2nd period - Elias Pettersson is hit by Liam O'Brien.
7:35 of 2nd period - Shot by John Marino.
7:35 of 2nd period - Goal by John Marino - Stars : 1 - Ducks : 3.
7:36 of 2nd period - Jean-Gabriel Pageau wins face-off versus Dylan Larkin in neutral zone.
8:20 of 2nd period - Shot by Jean-Gabriel Pageau.
8:20 of 2nd period - Shot Blocked by Ryan Suter.
9:18 of 2nd period - Off-side.
9:19 of 2nd period - Lars Eller wins face-off versus Elias Pettersson in neutral zone.
9:23 of 2nd period - John Marino is hit by Ville Heinola and loses puck.
9:29 of 2nd period - Off-side.
9:30 of 2nd period - Jean-Gabriel Pageau wins face-off versus Mikko Koivu in neutral zone.
9:53 of 2nd period - Shot by Mikko Koivu.
9:53 of 2nd period - Shot Blocked by Jean-Gabriel Pageau.
10:06 of 2nd period - Shot by Jean-Gabriel Pageau.
10:06 of 2nd period - Stopped by Jake Oettinger without a rebound.
10:07 of 2nd period - Evgeni Malkin wins face-off versus Dylan Larkin in Stars zone.
10:07 of 2nd period - Evgeni Malkin is hit by Brogan Rafferty.
10:09 of 2nd period - Shot by Travis Konecny.
10:09 of 2nd period - Shot Misses the Net.
10:10 of 2nd period - Minor Penalty to Brogan Rafferty for Hooking.
10:11 of 2nd period - Jason Robertson wins face-off versus Jean-Gabriel Pageau in Stars zone.
10:11 of 2nd period - Jason Robertson is hit by Travis Konecny.
11:19 of 2nd period - Shot by Evgeni Malkin.
11:19 of 2nd period - Stopped by Jake Oettinger without a rebound.
11:20 of 2nd period - Evgeni Malkin wins face-off versus Elias Pettersson in Stars zone.
11:33 of 2nd period - Ron Hainsey is hit by Roope Hintz and loses puck.
11:40 of 2nd period - Shot by Mikhail Sergachev.
11:40 of 2nd period - Stopped by Jake Oettinger without a rebound.
11:41 of 2nd period - Evgeni Malkin wins face-off versus Elias Pettersson in Stars zone.
12:00 of 2nd period - Shot by Damon Severson.
12:00 of 2nd period - Stopped by Jake Oettinger without a rebound.
12:01 of 2nd period - Jean-Gabriel Pageau wins face-off versus Jason Robertson in Stars zone.
12:25 of 2nd period - Dominik Simon is hit by John Marino and loses puck.
12:37 of 2nd period - Lars Eller is hit by Dominik Simon.
13:55 of 2nd period - Shot by Dylan Larkin.
13:55 of 2nd period - Shot Misses the Net.
15:03 of 2nd period - Shot by Ondrej Palat.
15:03 of 2nd period - Stopped by Jake Oettinger without a rebound.
15:04 of 2nd period - Lars Eller wins face-off versus Elias Pettersson in Stars zone.
15:30 of 2nd period - Shot by Elias Pettersson.
15:30 of 2nd period - Shot Blocked by Liam O'Brien.
15:34 of 2nd period - Shot by Elias Pettersson.
15:34 of 2nd period - Shot Misses the Net.
15:36 of 2nd period - Shot by Elias Pettersson.
15:36 of 2nd period - Goal by Elias Pettersson - Stars : 2 - Ducks : 3.
15:37 of 2nd period - Dylan Larkin wins face-off versus Jean-Gabriel Pageau in neutral zone.
15:54 of 2nd period - Shot by Jordan Greenway.
15:54 of 2nd period - Shot Blocked by Connor Murphy.
17:06 of 2nd period - Shot by Travis Konecny.
17:06 of 2nd period - Shot Misses the Net.
18:09 of 2nd period - Icing by Dominik Simon.
18:10 of 2nd period - Sean Kuraly wins face-off versus Andreas Athanasiou in Stars zone.
18:39 of 2nd period - Shot by Roope Hintz.
18:39 of 2nd period - Stopped by Jake Oettinger without a rebound.
18:40 of 2nd period - Elias Pettersson wins face-off versus Lars Eller in Stars zone.
18:40 of 2nd period - Elias Pettersson is hit by Liam O'Brien.
18:49 of 2nd period - Martin Necas is hit by Liam O'Brien and loses puck.
18:53 of 2nd period - Ron Hainsey is hit by Mikhail Sergachev and loses puck.
18:57 of 2nd period - Andrei Svechnikov is hit by Mikhail Sergachev and loses puck.
19:28 of 2nd period - Icing by Ryan Suter.
19:29 of 2nd period - Jean-Gabriel Pageau wins face-off versus Elias Pettersson in Stars zone.
19:29 of 2nd period - Jean-Gabriel Pageau is hit by Ron Hainsey.
19:44 of 2nd period - Icing by Joel Eriksson Ek.
19:45 of 2nd period - Dylan Larkin wins face-off versus Jean-Gabriel Pageau in Ducks zone.
19:56 of 2nd period - Shot by Cody Glass.
19:56 of 2nd period - Shot Misses the Net.
Goals for this period are 1 for Stars vs 1 for Ducks.
Shots for this period are 3 for Stars vs 11 for Ducks.

3rd period


0:01 of 3rd period - Evgeni Malkin wins face-off versus Cody Glass in neutral zone.
0:06 of 3rd period - Ville Heinola is hit by Sean Kuraly and loses puck.
1:06 of 3rd period - Elias Pettersson is hit by Mikhail Sergachev and loses puck.
1:19 of 3rd period - Shot by Elias Pettersson.
1:19 of 3rd period - Shot Misses the Net.
1:21 of 3rd period - Shot by Elias Pettersson.
1:21 of 3rd period - Deflect By Andrei Svechnikov.
1:21 of 3rd period - Shot Misses the Net.
1:23 of 3rd period - Shot by Andrei Svechnikov.
1:23 of 3rd period - Stopped by Tristan Jarry with a rebound.
1:32 of 3rd period - Mikhail Sergachev is hit by Andrei Svechnikov and loses puck.
3:17 of 3rd period - Shot by Joel Eriksson Ek.
3:17 of 3rd period - Stopped by Jake Oettinger without a rebound.
3:18 of 3rd period - Cooper Marody wins face-off versus Dylan Larkin in Stars zone.
4:23 of 3rd period - Icing by Jordan Greenway.
4:24 of 3rd period - Mikko Koivu wins face-off versus Jean-Gabriel Pageau in Stars zone.
4:26 of 3rd period - Icing by Frans Nielsen.
4:27 of 3rd period - Jean-Gabriel Pageau wins face-off versus Mikko Koivu in Stars zone.
5:18 of 3rd period - Icing by Tucker Poolman.
5:19 of 3rd period - Evgeni Malkin wins face-off versus Mikko Koivu in Stars zone.
5:46 of 3rd period - Shot by Evgeni Malkin.
5:46 of 3rd period - Stopped by Jake Oettinger without a rebound.
5:47 of 3rd period - Andreas Athanasiou wins face-off versus Lars Eller in Stars zone.
6:15 of 3rd period - Shot by Lars Eller.
6:15 of 3rd period - Stopped by Jake Oettinger without a rebound.
6:16 of 3rd period - Evgeni Malkin wins face-off versus Elias Pettersson in Stars zone.
6:21 of 3rd period - Shot by Evgeni Malkin.
6:21 of 3rd period - Stopped by Jake Oettinger without a rebound.
6:22 of 3rd period - Elias Pettersson wins face-off versus Evgeni Malkin in Stars zone.
6:29 of 3rd period - Shot by Elias Pettersson.
6:29 of 3rd period - Shot Misses the Net.
6:31 of 3rd period - Shot by Andrei Svechnikov.
6:31 of 3rd period - Shot Misses the Net.
6:33 of 3rd period - Shot by Ron Hainsey.
6:33 of 3rd period - Shot Misses the Net.
6:51 of 3rd period - Shot by Elias Pettersson.
6:51 of 3rd period - Shot Misses the Net.
6:53 of 3rd period - Shot by Martin Necas.
6:53 of 3rd period - Shot Misses the Net.
6:55 of 3rd period - Shot by Brogan Rafferty.
6:55 of 3rd period - Shot Misses the Net.
6:57 of 3rd period - Shot by Ron Hainsey.
6:57 of 3rd period - Stopped by Tristan Jarry without a rebound.
6:58 of 3rd period - Jean-Gabriel Pageau wins face-off versus Andreas Athanasiou in Ducks zone.
7:10 of 3rd period - Roope Hintz is hit by Ryan Suter and loses puck.
7:29 of 3rd period - Shot by Joel Eriksson Ek.
7:29 of 3rd period - Stopped by Jake Oettinger without a rebound.
7:30 of 3rd period - Dominik Simon wins face-off versus Evgeni Malkin in Stars zone.
7:32 of 3rd period - Icing by Ron Hainsey.
7:33 of 3rd period - Evgeni Malkin wins face-off versus Dominik Simon in Stars zone.
7:57 of 3rd period - Shot by Ondrej Palat.
7:57 of 3rd period - Stopped by Jake Oettinger with a rebound.
8:39 of 3rd period - Frans Nielsen is hit by Joel Eriksson Ek and loses puck.
8:51 of 3rd period - Icing by Ron Hainsey.
8:52 of 3rd period - Lars Eller wins face-off versus Mikko Koivu in Stars zone.
8:59 of 3rd period - Shot by Lars Eller.
8:59 of 3rd period - Deflect By Kristian Reichel.
8:59 of 3rd period - Stopped by Jake Oettinger without a rebound.
9:00 of 3rd period - Dylan Larkin wins face-off versus Jean-Gabriel Pageau in Stars zone.
10:45 of 3rd period - Ron Hainsey is hit by Mikhail Sergachev and loses puck.
11:29 of 3rd period - Icing by John Marino.
11:30 of 3rd period - Mikko Koivu wins face-off versus Liam O'Brien in Ducks zone.
11:33 of 3rd period - Shot by Dominik Simon.
11:33 of 3rd period - Shot Blocked by Carl Gunnarsson.
11:35 of 3rd period - Shot by Frans Nielsen.
11:35 of 3rd period - Shot Misses the Net.
11:37 of 3rd period - Shot by Frans Nielsen.
11:37 of 3rd period - Stopped by Tristan Jarry without a rebound.
11:38 of 3rd period - Lars Eller wins face-off versus Dylan Larkin in Ducks zone.
11:38 of 3rd period - Lars Eller is hit by Cody Glass.
12:59 of 3rd period - Shot by Jason Robertson.
12:59 of 3rd period - Deflect By Andreas Athanasiou.
12:59 of 3rd period - Stopped by Tristan Jarry without a rebound.
13:00 of 3rd period - Jean-Gabriel Pageau wins face-off versus Elias Pettersson in Ducks zone.
13:15 of 3rd period - Joel Eriksson Ek is hit by Andrei Svechnikov and loses puck.
13:22 of 3rd period - Shot by Jean-Gabriel Pageau.
13:22 of 3rd period - Stopped by Jake Oettinger without a rebound.
13:23 of 3rd period - Andreas Athanasiou wins face-off versus Lars Eller in Stars zone.
13:23 of 3rd period - Andreas Athanasiou is hit by Liam O'Brien.
13:32 of 3rd period - Minor Penalty to Carl Gunnarsson for Holding.
13:33 of 3rd period - Evgeni Malkin wins face-off versus Elias Pettersson in Ducks zone.
14:16 of 3rd period - Icing by Brogan Rafferty.
14:17 of 3rd period - Evgeni Malkin wins face-off versus Dylan Larkin in Stars zone.
15:13 of 3rd period - Andrei Svechnikov is hit by Mikhail Sergachev and loses puck.
16:06 of 3rd period - Icing by Ryan Suter.
16:07 of 3rd period - Lars Eller wins face-off versus Andreas Athanasiou in Stars zone.
16:10 of 3rd period - Shot by Lars Eller.
16:10 of 3rd period - Shot Blocked by Warren Foegele.
16:56 of 3rd period - Shot by Jordan Greenway.
16:56 of 3rd period - Shot Misses the Net.
17:17 of 3rd period - Icing by Carl Gunnarsson.
17:18 of 3rd period - Elias Pettersson wins face-off versus Sean Kuraly in Ducks zone.
17:40 of 3rd period - Off-side.
17:41 of 3rd period - Jean-Gabriel Pageau wins face-off versus Mikko Koivu in neutral zone.
17:52 of 3rd period - Shot by Joel Eriksson Ek.
17:52 of 3rd period - Stopped by Jake Oettinger without a rebound.
17:53 of 3rd period - Evgeni Malkin wins face-off versus Dylan Larkin in Stars zone.
18:04 of 3rd period - Shot by Evgeni Malkin.
18:04 of 3rd period - Deflect By Ondrej Palat.
18:04 of 3rd period - Shot Misses the Net.
18:20 of 3rd period - Dylan Larkin is hit by Travis Konecny and loses puck.
18:47 of 3rd period - Jean-Gabriel Pageau is hit by Jordan Greenway and loses puck.
19:17 of 3rd period - Icing by Ron Hainsey.
19:18 of 3rd period - Evgeni Malkin wins face-off versus Elias Pettersson in Stars zone.
19:19 of 3rd period - Shot by Joel Eriksson Ek.
19:19 of 3rd period - Shot Blocked by Tucker Poolman.
19:26 of 3rd period - Minor Penalty to Tucker Poolman for Tripping.
19:27 of 3rd period - Jason Robertson wins face-off versus Travis Konecny in Stars zone.
Goals for this period are 0 for Stars vs 0 for Ducks.
Shots for this period are 4 for Stars vs 9 for Ducks.